 Dungeon Crawl Stone Soup version 0.17.1-3-g152610e (webtiles) character file.

125 armorger the Ducker (level 4, -3/66 HPs)
             Began as a Troll Fighter on Mar 24, 2016.
             Slain by an ogre
             ... wielding a +0 giant spiked club
              (18 damage)
             ... on level 4 of the Dungeon on Apr 3, 2016.
             The game lasted 00:20:42 (2380 turns).

armorger the Ducker (Troll Fighter)                 Turns: 2380, Time: 00:20:42

Health: -3/66      AC: 22    Str: 24    XL:     4   Next: 82%
Magic:  3/3        EV:  1    Int:  4    God:
Gold:   225        SH:  9    Dex: 10    Spells: 0 memorised, 3 levels left

rFire  . . .     SeeInvis .     p - +0 long sword (holy)
rCold  . . .     Clarity  +     (armour currently unavailable)
rNeg   + + +     SustAt   .     b - +0 shield
rPois  +         Gourm    +     (helmet currently unavailable)
rElec  .         Spirit   .     (cloak currently unavailable)
rCorr  .         Warding  .     (gloves unavailable)
rMut   .         NoTele   +     (boots unavailable)
MR     .....                    g - amulet of clarity
Stlth  +.........               (no ring)
                                n - ring of positive energy

@: tree-form, slowed, very slow, not resistant to hostile enchantments, very
unstealthy
A: unfitting armour, (claws 0), fast metabolism 3, gourmand, regeneration 2,
(shaggy fur 0), (tough skin 0)
a: no special abilities


You were on level 4 of the Dungeon.
You were full.
You were a tree.
You visited 1 branch of the dungeon, and saw 4 of its levels.

You collected 225 gold pieces.

Inventory:

Hand Weapons
 p - a +0 long sword of holy wrath (weapon)
Armour
 a - a +1 robe (melded)
 b - a +0 shield (worn)
 q - a +0 ring mail
 r - a +0 leather armour
 u - a +0 chain mail
Jewellery
 g - an amulet of clarity (around neck)
 n - a ring of positive energy (left branch)
Scrolls
 i - a scroll of teleportation
 k - a scroll of identify
 o - a scroll of random uselessness
 t - a scroll of enchant weapon
Potions
 c - a potion of might
 e - a potion of flight {unknown}
 f - 2 potions of lignification
 l - a potion of resistance {unknown}
 m - a potion of cure mutation {unknown}
 s - 2 potions of haste {unknown}
Comestibles
 d - 4 bread rations
 h - 2 meat rations
 j - a beef jerky


   Skills:
 + Level 2.9 Fighting
 + Level 0.1 Long Blades
 + Level 3.1 Dodging
 + Level 0.6 Stealth
 + Level 3.0 Shields
 + Level 3.0 Unarmed Combat


You had 3 spell levels left.
You didn't know any spells.

Dungeon Overview and Level Annotations

Branches:
Dungeon (4/15)
 Temple: D:4-7

Altars:
Sif Muna
Yredelemnul


Innate Abilities, Weirdness & Mutations

You are too large for most types of armour.
((You have claws for hands.))
Your metabolism is lightning-fast.
You like to eat raw meat.
You heal very quickly.
((You are covered in fur (AC +1).))
((You have very tough skin (AC +2).))


Message History

Your +1 robe melds into your body.
Your roots penetrate the ground.
You block the orc wizard's attack.
The orc wizard hits you but does no damage.
You slash the orc wizard!
You kill the orc wizard!
Your Dodging skill increases to level 3!
Your Shields skill increases to level 3!
You block the ogre's attack.
You hit the ogre.
The ogre is lightly wounded.
The orc wizard is no longer moving quickly.
The ogre hits you with a giant spiked club!
* * * LOW HITPOINT WARNING * * *
You barely miss the ogre.
The ogre is lightly wounded.
You block the ogre's attack. x2
You hit the ogre but do no damage.
The ogre is lightly wounded.
The ogre hits you with a giant spiked club!!
You die...

#.#.#.#.#.#.#.##
.⌠...⌠...⌠...⌠.#
#.#.#.#.#.#.#.## #####
...⌠...⌠...⌠...###....
#.#)#.#.#.#.#.##.....#
.⌠.o.⌠...⌠...⌠.#.#.#.#
#.#.#.#.#.#.#.##.#.#.#
[..⌠.o.o..[⌠...#.#.#.####..
#.#.#.#.#.#.#.##♣#.........
.⌠...⌠...⌠.oo⌠o#O#.<#
#.#.#.#.#.#o#.#oo.#<.......
...⌠...⌠...⌠........#......
#.#.#.#.#.#.#.#.#.#....##.#
.⌠..(⌠...⌠...⌠..#.....##
.#.#.#.#.#.#.#.#.#.###
.##.#####.#.#.#.# #
#.#.#.#..


You could see an ogre and 2 orcs.

Vanquished Creatures
  An orc wizard (D:4)
  4 adders
  An ooze (D:2)
  A worm (D:3)
  2 giant geckos
  3 orcs
  3 bats
  9 hobgoblins
  7 jackals (D:1)
  2 giant cockroaches
  2 giant newts
  3 goblins
  8 kobolds
  6 rats
52 creatures vanquished.

Notes
Turn   | Place    | Note
--------------------------------------------------------------
     0 | D:1      | armorger the Troll Fighter began the quest for the Orb.
     0 | D:1      | Reached XP level 1. HP: 22/22 MP: 0/0
   340 | D:1      | Reached XP level 2. HP: 26/29 MP: 1/1
   948 | D:2      | Reached XP level 3. HP: 28/36 MP: 2/2
  1145 | D:2      | Found a basalt altar of Yredelemnul.
  1145 | D:2      | Found a deep blue altar of Sif Muna.
  1738 | D:3      | Reached XP level 4. HP: 41/44 MP: 3/3
  2354 | D:4      | Noticed an ogre
  2355 | D:4      | Reached skill level 3 in Unarmed Combat
  2380 | D:4      | Slain by an ogre

Action                   |  1- 3 |  4- 6 || total
-------------------------+-------+-------++-------
Melee: Unarmed           |   112 |     7 ||   119
       Long sword        |       |    35 ||    35
  Use: Scroll            |     7 |     1 ||     8
       Potion            |       |     1 ||     1
 Stab: Sleeping          |       |     1 ||     1
  Eat: Chunk             |    19 |     6 ||    25
